Map: Dusk Towers

Players

Blindvizion

  • Race: Zerg Zerg
  • League: Gold

LilDicky - Winner!

  • Race: Terran Terran
  • League: Diamond

VOD

http://www.twitch.tv/tumescentpie

Description

Time

  • Played on: Dec. 5, 2015, noon
  • Length: 8:57
Show
View Real Time Build Order
Export as new Build Order

Blindvizion Zerg 

Build Orders: Hatch First 

Get SALT Encoding   

  12  0:01  Drone  
  13  0:12  Overlord  
  13  0:18  Drone  
  14  0:31  Drone x2  
  16  0:35  Drone  
  17  0:55  Hatchery  
  16  0:57  Drone  
  17  1:07  Drone  
  17  1:10  Extractor  
  17  1:18  Spawning Pool  
  16  1:20  Drone  
  16  1:23  Drone  
  18  1:28  Drone  
  19  1:39  Overlord  
  19  2:04  Queen  
  19  2:07  Queen  
  23  2:12  Zergling x4  
  23  2:13  Metabolic Boost  
  25  2:18  Zergling x2  
  25  2:20  Drone  
  25  2:21  Drone  
  28  2:27  Drone  
  28  2:29  Drone  
  30  2:35  Drone  
  31  2:43  Roach Warren  
  30  2:49  Overlord  
  30  3:02  Overlord  
  30  3:05  Overlord  
  30  3:08  Overlord  
  30  3:09  Drone  
  31  3:21  Drone x3  
  31  3:23  Roach  
  31  3:24  Roach  
  40  3:34  Roach x2  
  40  3:35  Roach  
  44  3:42  Roach  
  48  3:48  Roach x2  
  50  3:57  Zergling x8  
  54  4:05  Zergling x4  
  54  4:06  Zergling x2  
  54  4:09  Drone  
  58  4:23  Lair  
  58  4:27  Drone x2  
  58  4:28  Overlord  
  60  4:37  Extractor  
  59  4:39  Extractor  
  59  4:42  Overlord  
  59  4:43  Overlord  
  58  4:50  Ravager  
  58  4:51  Evolution Chamber  
  58  5:00  Ravager  
  58  5:02  Zergling x2  
  58  5:03  Zergling x20  
  70  5:15  Extractor  
  50  5:43  Roach  
  50  5:44  Roach x9  
  70  5:53  Glial Reconstitution  
  57  6:31  Ravager  
  57  6:32  Ravager x4  
  60  6:36  Zergling x20  
  52  7:07  Roach  
  52  7:08  Roach x5  
  53  7:20  Roach  
  53  7:21  Roach  
  36  7:41  Drone x4  
  36  7:42  Drone  
  25  8:07  Roach x3  
Show
View Real Time Build Order
Export as new Build Order

LilDicky Terran - Winner!

Build Orders: MMM Bio 

Get SALT Encoding   

  12  0:02  SCV  
  13  0:14  SCV  
  14  0:22  Supply Depot  
  14  0:26  SCV  
  15  0:44  SCV  
  15  0:46  Barracks  
  16  0:52  Refinery  
  16  0:56  SCV  
  17  1:08  SCV  
  18  1:20  SCV  
  19  1:34  Supply Depot  
  19  1:36  Barracks Reactor  
  19  1:38  Orbital Command  
  19  2:06  SCV  
  19  2:07  Command Center  
  20  2:12  Barracks  
  20  2:13  Barracks  
  20  2:16  Marine  
  20  2:18  Marine  
  23  2:22  SCV  
  23  2:34  Marine  
  23  2:35  SCV  
  25  2:53  Marine x2  
  25  2:54  SCV  
  28  3:02  Barracks Tech Lab, Refinery  
  28  3:03  Barracks Tech Lab  
  28  3:05  Factory  
  28  3:06  SCV  
  28  3:07  Supply Depot  
  28  3:10  Marine  
  30  3:19  Orbital Command  
  30  3:21  SCV  
  31  3:29  Stimpack  
  31  3:30  Marine  
  31  3:33  SCV  
  33  3:35  Combat Shields  
  33  3:37  Marine  
  33  3:40  Marine  
  35  3:44  SCV  
  35  3:46  SCV  
  37  3:49  Marine  
  37  3:52  Marine  
  39  3:57  Starport  
  39  3:59  SCV  
  39  4:02  SCV  
  41  4:03  Factory Reactor  
  41  4:07  Marine x2  
  44  4:12  Marauder  
  44  4:15  Marauder  
  44  4:16  SCV  
  48  4:18  SCV  
  48  4:23  Refinery  
  49  4:25  Marine  
  49  4:26  Marine  
  49  4:29  SCV  
  52  4:31  Supply Depot  
  52  4:39  Marine x2  
  54  4:48  Supply Depot  
  54  4:52  Marine x2  
  54  4:53  SCV x2, Medivac x2  
  54  4:57  Supply Depot  
  62  5:03  Supply Depot  
  62  5:04  Concussive Shells  
  62  5:09  Marine x2  
  62  5:10  Marine  
  65  5:14  Marine  
  65  5:15  SCV  
  65  5:16  SCV  
  65  5:19  Supply Depot  
  68  5:27  Marine x2  
  67  5:28  Marine  
  67  5:32  Marine  
  62  5:45  Marauder x2  
  62  5:46  Marine  
  62  5:49  Medivac  
  71  5:50  Marine  
  71  5:51  Medivac  
  71  5:53  SCV x2  
  74  5:59  Command Center  
  74  6:04  Marine  
  74  6:06  Marine  
  74  6:07  Marauder  
  74  6:08  Marine  
  78  6:22  Marine  
  78  6:25  Marauder  
  78  6:27  Marine  
  78  6:28  Marauder  
  82  6:33  Medivac  
  82  6:34  SCV x2  
  82  6:37  Refinery x2  
  82  6:39  Marine  
  84  6:46  SCV x2, Marauder  
  86  6:58  SCV  
  85  7:04  Marine x3  
  85  7:05  Medivac x2  
  85  7:07  Marauder  
  93  7:22  Marine x2  
  90  7:28  Marine  
  90  7:29  Marauder  
  89  7:40  Marine x2  
  91  7:47  Marauder  
  91  7:50  Engineering Bay, Barracks  
  91  7:51  Marauder  
  95  7:52  Engineering Bay  
  95  7:53  Barracks  
  95  7:57  Marine x2  
  96  8:08  Marauder  
  96  8:12  Marine  
Tags
 
Add a new tag
Caveats
  • Supply blocks, unpowered buildings, or Contaminate may cause inaccurate times.
  • Supply counts are checked every 10 seconds.